[Event "WYCC 2018 O14"]
[Site "Halkidiki"]
[Date "2018.10.20"]
[Round "1"]
[White "Dwyer, Daniel"]
[Black "Trifan, Andrei Ioan"]
[Result "0-1"]
[ECO "C95"]
[WhiteElo "2133"]
[BlackElo "2290"]
[Annotator "NA"]
[PlyCount "70"]
[EventDate "2018.10.20"]
[EventType "swiss"]
[EventCountry "GRE"]
[SourceTitle "playchess.com"]
[Source "ChessBase"]
[SourceQuality "1"]
[TimeControl "40/5400+30:1800+30"]

1. e4 e5 2. Nf3 Nc6 3. Bb5 a6 4. Ba4 Nf6 5. O-O Be7 6. Re1 b5 7. Bb3 O-O 8. c3 d6 9. h3 Nb8 10. d4 Nbd7 11. Nbd2 Bb7 12. Bc2 Re8 13. Nf1 Bf8 14. Ng3 g6 {[%emt 0:00:12] LiveBook: 2219 Games} 15. a4 Bg7 16. b3 {[%emt 0:02:24] C95: Spanische Partie (Breyer-Variante)} d5 {[%emt 0:12:35] [#]} 17. exd5 $146 ({Vorgänger:} 17. axb5 Nxe4 18. bxa6 Nxc3 19. Qd3 Ne4 20. Bb2 Nxg3 21. axb7 Rxa1 22. Rxa1 e4 23. Qb5 c6 24. Qxc6 {0-1 (32) Shirov,A (2755)-Inarkiev,E (2681) Odessa 2008}) 17... Nxd5 18. Bb2 exd4 19. cxd4 N7f6 20. axb5 axb5 21. Bd3 Rxe1+ 22. Qxe1 Nf4 23. Bxb5 Nxh3+ 24. gxh3 Bxf3 25. Qc3 Rxa1+ $17 26. Bxa1 Qa8 27. Bb2 Qb7 28. Bc4 h5 29. d5 Bxd5 30. Bxd5 Qxd5 31. Qxc7 h4 32. Nf1 Qg5+ 33. Kh1 Qf5 34. Bxf6 Qxh3+ 35. Qh2 Qxf1+ 0-1

[Event "WYCC 2018 O14"]
[Site "Halkidiki"]
[Date "2018.10.20"]
[Round "1"]
[White "Egorov, Mikhail"]
[Black "Vettese, Nicholas"]
[Result "1-0"]
[ECO "A05"]
[WhiteElo "2006"]
[BlackElo "2338"]
[Annotator "NA"]
[PlyCount "115"]
[EventDate "2018.10.20"]
[EventType "swiss"]
[EventCountry "GRE"]
[SourceTitle "playchess.com"]
[Source "ChessBase"]
[SourceQuality "1"]
[TimeControl "40/5400+30:1800+30"]

1. Nf3 Nf6 2. c4 g6 3. Nc3 d5 4. cxd5 Nxd5 5. e4 Nxc3 6. dxc3 Qxd1+ 7. Kxd1 Nd7 8. Bf4 Nc5 {[%emt 0:08:02] A16: English Opening: 1...Nf6 with ...d5} 9. Nd2 {[%emt 0:03:03] LiveBook: 9 Games} c6 10. Kc2 f6 (10... Bg7 11. Be3 Na4 12. Bc4 Nb6 13. Bb3 Nd7 14. a4 O-O 15. h4 h5 16. a5 Ne5 17. f3 {½-½ (48) So,W (2812)-Mamedyarov,S (2800) Paris 2017}) 11. Be3 e5 12. a4 $146 {[%emt 0:01:55] FGEBEEEFFCCACACACACACACACACACABM} ({Predecessor:} 12. b4 Ne6 13. Nc4 h5 14. Rd1 Bh6 15. Bxh6 Rxh6 16. Nd6+ Ke7 17. Bc4 Rh8 18. Bxe6 Kxe6 19. Rd3 Rd8 {½-½ (19) Langeweg,K (2450)-Gipslis,A (2535) Amsterdam 1976}) 12... Be7 13. b4 Ne6 14. Bc4 f5 15. f3 f4 16. Bf2 Bd6 17. Rhd1 g5 18. Nb3 Ke7 19. a5 Rd8 20. h4 g4 21. fxg4 h6 22. Be2 Rg8 23. Rd2 Nd8 24. Rad1 Nf7 25. Bc4 Be6 26. Bxe6 Kxe6 27. Nc5+ Bxc5 28. Bxc5 b6 29. axb6 axb6 30. Bxb6 Ra2+ 31. Kb3 Rxd2 32. Rxd2 Rxg4 33. Bc5 Rxh4 34. c4 Rg4 35. b5 cxb5 36. cxb5 Rg8 37. b6 Rd8 38. Rxd8 Nxd8 39. Kb4 h5 40. Kb5 Kd7 41. Bb4 Nb7 42. Bc3 Nd6+ 43. Ka6 Nxe4 44. Bb4 Nf6 45. b7 Kc7 46. Bd6+ Kxd6 47. b8=Q+ Ke6 48. Qc8+ Kd5 49. Qf5 Ng4 50. Qxh5 Ne3 51. Qf3+ Kd4 52. Kb5 Kd3 53. Kc5 e4 54. Qxf4 Nc2 55. Qf1+ Kd2 56. g4 e3 57. g5 e2 {[%emt 0:00:29] [#]} 58. Qxe2+ 1-0

[Event "WYCC 2018 O14"]
[Site "Halkidiki"]
[Date "2018.10.20"]
[Round "1"]
[White "Gaal, Zsoka"]
[Black "Bjerre, Jonas Buhl"]
[Result "1/2-1/2"]
[ECO "A37"]
[WhiteElo "1976"]
[BlackElo "2438"]
[Annotator "ChessBase"]
[PlyCount "84"]
[EventDate "2018.10.20"]
[EventType "swiss"]
[EventCountry "GRE"]
[SourceTitle "playchess.com"]
[Source "ChessBase"]
[SourceQuality "1"]
[TimeControl "40/5400+30:1800+30"]

1. Nf3 c5 2. c4 Nc6 3. Nc3 g6 4. g3 Bg7 5. Bg2 d6 6. O-O Bf5 7. b3 Nf6 8. Bb2 O-O 9. d3 Qd7 10. Qd2 Bh3 11. Nd5 Nxd5 12. Bxg7 Kxg7 13. cxd5 Nb4 14. Bxh3 Qxh3 15. e4 e5 16. dxe6 Qxe6 17. Qc3+ Qf6 18. Qxf6+ Kxf6 19. Rfd1 Rfe8 20. a3 Nc6 21. Rac1 Rac8 22. Kg2 g5 23. h3 h5 24. Rc3 b5 25. d4 g4 26. hxg4 hxg4 27. dxc5 dxc5 28. Nh2 Ne5 29. Rd5 b4 30. Rcxc5 Rxc5 31. Rxc5 bxa3 32. Ra5 Rb8 33. Rxa3 Rb4 34. Rxa7 Rxb3 35. Nf1 Rb4 36. Ne3 Rxe4 37. Ra5 Rd4 38. Rb5 Ra4 39. Rd5 Ke6 40. Rb5 Nd3 41. Rb6+ Ke5 42. Rb5+ Ke6 1/2-1/2

[Event "WYCC 2018 O14"]
[Site "Halkidiki"]
[Date "2018.10.20"]
[Round "1"]
[White "Jurakic, Lukas"]
[Black "Kacharava, Nikolozi"]
[Result "0-1"]
[ECO "B00"]
[WhiteElo "1961"]
[BlackElo "2373"]
[Annotator "NA"]
[PlyCount "82"]
[EventDate "2018.10.20"]
[EventType "swiss"]
[EventCountry "GRE"]
[SourceTitle "playchess.com"]
[Source "ChessBase"]
[SourceQuality "1"]
[TimeControl "40/5400+30:1800+30"]

1. e4 d6 2. d4 Nf6 3. Bd3 e5 4. c3 d5 5. dxe5 Nxe4 6. Nf3 Nc5 7. Bc2 Bg4 8. O-O Nc6 9. Qe2 Qe7 10. b4 Nd7 11. h3 Bh5 12. g4 Bg6 13. Ba4 h5 14. Bg5 f6 $11 15. e6 Nb6 16. Bxc6+ bxc6 17. Bf4 hxg4 18. Nd4 Be4 19. Qxg4 g5 20. Bg3 Qh7 21. Nd2 Bd3 22. Rfe1 f5 23. Qf3 Qxh3 24. Be5 g4 25. Qxh3 Rxh3 26. Nxc6 Bh6 27. Nf1 Nc4 28. Rad1 Be4 29. Rxe4 dxe4 30. e7 Rd3 31. Re1 Nxe5 32. Nxe5 Rxc3 33. Ng3 Kxe7 34. Nxf5+ Kf6 35. Nxh6 Kxe5 36. Nxg4+ Kd4 37. Rd1+ Rd3 38. Rxd3+ exd3 39. Kf1 Re8 40. Ne3 Rxe3 41. fxe3+ Kc3 0-1

[Event "WYCC 2018 O14"]
[Site "Halkidiki"]
[Date "2018.10.20"]
[Round "1"]
[White "Wernberg, Hugo"]
[Black "Murzin, Volodar"]
[Result "0-1"]
[ECO "B99"]
[WhiteElo "1956"]
[BlackElo "2340"]
[Annotator "NA"]
[PlyCount "76"]
[EventDate "2018.10.20"]
[EventType "swiss"]
[EventCountry "GRE"]
[SourceTitle "playchess.com"]
[Source "ChessBase"]
[SourceQuality "1"]
[TimeControl "40/5400+30:1800+30"]

1. e4 c5 2. Nf3 d6 3. d4 cxd4 4. Nxd4 Nf6 5. Nc3 a6 6. Bg5 Nbd7 7. f4 e6 8. Qf3 Be7 9. O-O-O Qc7 10. g4 b5 11. a3 Bb7 {[%emt 0:00:35] B99: Sicilian Najdorf: 6 Bg5 e6 7 f4 Be7 8 Qf3 Qc7 9 0-0-0 Nbd7} (11... Rb8 12. Bxf6 Bxf6 13. g5 Be7 14. Bh3 Nc5 15. Rhg1 b4 16. axb4 Rxb4 17. f5 g6 18. Qe3 Bd7 19. fxe6 fxe6 20. e5 d5 21. Nxe6 Nxe6 22. Nxd5 Qa5 23. Nf6+ Bxf6 24. Bxe6 Bxe6 25. exf6 {½-½ (31) Ljubicic,L (2575)-De Oliveira,J (2574) ICCF email 2010}) 12. Bxf6 Nxf6 13. f5 e5 14. Nde2 (14. Nb3 $1 $11 {was the only way to keep the balance.}) 14... Rc8 15. Rd2 $146 {[%emt 0:13:09] [#]} ({Predecessor:} 15. Ng3 d5 16. exd5 Bxa3 17. bxa3 Qxc3 18. Qxc3 Rxc3 19. g5 Ng4 20. Ne4 Rc7 21. Rd3 Rd7 22. Be2 {1-0 (22) Schuster,B (2096)-Arnhold,K (2029) Germany 2000}) 15... Nd7 (15... h5 $1 $19 16. h3 Qb6) 16. h4 h6 17. Ng3 Qd8 18. Nh5 Rg8 19. Bh3 Bxh4 20. Rxd6 Be7 21. Rd3 Bg5+ 22. Kb1 Qc7 23. Rhd1 Nb6 $2 ({Black should play} 23... Bc6 $14) 24. f6 g6 25. Ng3 $16 (25. Ng7+ $18 {is the precise move to win.} Rxg7 26. fxg7) 25... Nc4 26. Qe2 Qb6 27. Rd7 Kf8 28. Qd3 Re8 29. Nd5 Bxd5 30. Qxd5 Qxf6 31. Qc5+ Kg7 32. Qa7 Be3 33. Qb7 Rb8 34. Qd5 Nb6 35. Rxf7+ Qxf7 36. Qxe5+ Kh7 37. Nh5 Bg5 38. Qc3 Rbc8 0-1

[Event "WYCC 2018 O14"]
[Site "Halkidiki"]
[Date "2018.10.20"]
[Round "1"]
[White "Ghazaryan, Raffi"]
[Black "Tanriverdi, Enes"]
[Result "0-1"]
[ECO "B40"]
[WhiteElo "1916"]
[BlackElo "2317"]
[Annotator "NA"]
[PlyCount "78"]
[EventDate "2018.10.20"]
[EventType "swiss"]
[EventCountry "GRE"]
[SourceTitle "playchess.com"]
[Source "ChessBase"]
[SourceQuality "1"]
[TimeControl "40/5400+30:1800+30"]

1. e4 c5 2. Nf3 e6 3. Nc3 Nc6 4. Bb5 Nd4 5. O-O Ne7 6. Nxd4 cxd4 7. Ne2 Nc6 8. d3 Be7 9. f4 O-O 10. Bd2 a6 11. Bxc6 dxc6 12. Ng3 f5 13. Qf3 c5 14. Rae1 Rb8 15. c3 b5 16. Qe2 $11 Bd6 17. cxd4 cxd4 18. e5 Be7 19. Rc1 Bb7 20. Qf2 Qd5 21. a3 Rfe8 22. Bb4 Bh4 23. Rc5 Qd7 24. Rfc1 Rbc8 25. Qe2 Rxc5 26. Rxc5 Be7 27. Rc2 Bxb4 28. axb4 Rc8 29. Rc5 Rxc5 30. bxc5 b4 31. Nxf5 exf5 32. e6 Qc6 33. e7 Kf7 34. Kf1 Qd7 35. Qe5 Qxe7 36. Qxf5+ Kg8 37. g3 h6 38. h4 Bf3 39. Qc8+ Kh7 0-1

[Event "WYCC 2018 O14"]
[Site "Halkidiki"]
[Date "2018.10.20"]
[Round "1"]
[White "Ibarra, Juan Martin"]
[Black "Nogerbek, Kazybek"]
[Result "0-1"]
[ECO "B30"]
[WhiteElo "1899"]
[BlackElo "2316"]
[Annotator "NA"]
[PlyCount "40"]
[EventDate "2018.10.20"]
[EventType "swiss"]
[EventCountry "GRE"]
[SourceTitle "playchess.com"]
[Source "ChessBase"]
[SourceQuality "1"]
[TimeControl "40/5400+30:1800+30"]

1. e4 c5 2. Nf3 Nc6 3. Bb5 e6 4. Bxc6 bxc6 5. d3 Ne7 6. O-O Ng6 7. Ng5 h6 8. Nh3 d5 9. f4 Bd6 10. e5 Bc7 11. Be3 Bb6 12. a4 c4 13. d4 O-O 14. g4 f6 $17 15. f5 exf5 16. gxf5 fxe5 17. fxg6 Bxh3 18. Rf7 Bxd4 19. Bxd4 Qg5+ 20. Kf2 Qxg6 0-1

[Event "WYCC 2018 O14"]
[Site "Halkidiki"]
[Date "2018.10.20"]
[Round "1"]
[White "Unneland, Mathias"]
[Black "Cardoso Cardoso, Jose Gabriel"]
[Result "0-1"]
[ECO "E62"]
[WhiteElo "1884"]
[BlackElo "2313"]
[Annotator "NA"]
[PlyCount "76"]
[EventDate "2018.10.20"]
[EventType "swiss"]
[EventCountry "GRE"]
[SourceTitle "playchess.com"]
[Source "ChessBase"]
[SourceQuality "1"]
[TimeControl "40/5400+30:1800+30"]

1. d4 Nf6 2. c4 g6 3. Nc3 Bg7 4. g3 O-O 5. Bg2 d6 6. Nf3 Nc6 7. O-O Bf5 8. d5 Na5 9. Nd2 c5 10. e4 Bd7 11. a3 {[%emt 0:02:19] E62: King's Indian: Fianchetto: 6...c6 and Panno Variation (6...Nc6) without ...a6} (11. Rb1 e5 12. a3 b6 13. b4 Nb7 14. Nb3 Ng4 15. f3 Nf6 16. bxc5 dxc5 17. Qd3 Nd6 18. a4 Nh5 {0-1 (34) Inarkiev,E (2680)-Smirin,I (2663) Khanty-Mansiysk 2013}) 11... Qc8 12. f3 a6 $146 ({Predecessor:} 12... Nh5 13. Qc2 Rb8 14. a4 a6 15. b3 Bd4+ 16. Kh1 e5 17. Ra2 Qd8 {1-0 (47) Khurtsidze,N (2420)-Szczepkowska,K (2321) Ohrid 2009}) 13. Qe2 Ne8 14. Rb1 b5 15. cxb5 axb5 16. Nd1 b4 17. b3 bxa3 18. Bxa3 Nc7 (18... Bd4+ $17 19. Kh1 Nc7) 19. Bb2 Nb5 20. Bxg7 Kxg7 21. Qe3 Rb8 22. Ra1 Qc7 23. Rc1 $17 Qb6 24. Nc4 Nxc4 25. bxc4 Nd4 26. Rf2 Qa6 27. Qc3 Rb3 28. Ra1 Qb7 29. Qc1 Rb8 30. g4 Qb4 31. h3 Qe1+ 32. Kh2 Ne2 33. Rxe2 Qxe2 34. Ra7 Rd3 35. Nc3 Qb2 36. Qf1 Rxc3 37. Rxd7 Rc1 38. Qd3 Rc2 0-1

[Event "WYCC 2018 O14"]
[Site "Halkidiki"]
[Date "2018.10.20"]
[Round "1"]
[White "Tombolis, Christopher"]
[Black "Tsay, Vincent"]
[Result "0-1"]
[ECO "B40"]
[WhiteElo "1882"]
[BlackElo "2310"]
[Annotator "NA"]
[PlyCount "132"]
[EventDate "2018.10.20"]
[EventType "swiss"]
[EventCountry "GRE"]
[SourceTitle "playchess.com"]
[Source "ChessBase"]
[SourceQuality "1"]
[TimeControl "40/5400+30:1800+30"]

1. e4 c5 2. Nf3 e6 3. c3 Nf6 4. Qc2 Qc7 {[%emt 0:03:25] B40: Sizilianisch (Klassisches System mit e7-e6)} (4... d5 5. e5 Nfd7 6. g3 Nc6 7. Bg2 Qc7 8. d4 cxd4 9. Bf4 d3 10. Qxd3 Ndxe5 11. Nxe5 Nxe5 12. Qe2 {½-½ (38) Rodriguez Vila,A (2547)-Flores Rios,M (2391) Villa Martelli 2007}) 5. d4 cxd4 6. Nxd4 a6 7. Be2 Bc5 $146 ({Vorgänger:} 7... b5 8. Be3 Bb7 9. Nd2 d5 10. Bf3 Nbd7 11. O-O Ne5 12. exd5 Nxf3+ 13. N2xf3 Bxd5 {0-1 (33) Kuttnig,R (1943)-Schippel,G (2083) St Veit 2008}) 8. Be3 d5 9. exd5 Nxd5 10. Qe4 Nxe3 11. fxe3 O-O 12. b4 (12. Nd2 $15) 12... Bd6 13. Nf3 Nd7 14. O-O Nf6 15. Qh4 Bd7 16. Bd3 h6 17. a3 e5 18. c4 b6 19. Nbd2 a5 20. Ne4 Ng4 21. h3 Nxe3 22. Nf6+ gxf6 23. Qxh6 Nf5 24. Qh5 e4 25. Bxe4 axb4 26. Qg4+ Ng7 27. Qh4 Qc5+ 28. Kh1 Qh5 29. Bxa8 Qxh4 30. Nxh4 Rxa8 31. Rad1 Ne8 32. axb4 Be6 33. c5 bxc5 34. bxc5 Bxc5 35. Nf5 Ng7 36. g4 Ra3 37. Nxg7 Kxg7 38. Kg2 Bc8 39. Rf4 Bb7+ 40. Kf1 Rxh3 41. Rd7 Bf3 42. Rxf3 Rxf3+ 43. Kg2 Rc3 44. Rd5 Kg6 45. Rf5 Bd4 46. Rh5 Be5 47. Rh8 Rg3+ 48. Kf2 Rxg4 49. Rg8+ Kf5 50. Rf8 Ke6 51. Re8+ Kd5 52. Kf3 f5 53. Re7 f6 54. Rd7+ Ke6 55. Rd1 Rg3+ 56. Kf2 f4 57. Kf1 Kf5 58. Rd2 Kg4 59. Rd5 Ra3 60. Kf2 f3 61. Rd1 Bg3+ 62. Kf1 f5 63. Kg1 Ra2 64. Rb1 Rg2+ 65. Kf1 Rh2 66. Rb4+ f4 0-1

[Event "WYCC 2018 O14"]
[Site "Halkidiki"]
[Date "2018.10.20"]
[Round "1"]
[White "Morgenstern, Tobias"]
[Black "Krastev, Alexander"]
[Result "0-1"]
[ECO "C55"]
[WhiteElo "1876"]
[BlackElo "2298"]
[Annotator "NA"]
[PlyCount "58"]
[EventDate "2018.10.20"]
[EventType "swiss"]
[EventCountry "GRE"]
[SourceTitle "playchess.com"]
[Source "ChessBase"]
[SourceQuality "1"]
[TimeControl "40/5400+30:1800+30"]

1. e4 e5 2. Nf3 Nc6 3. Bc4 Nf6 4. d3 Be7 5. O-O O-O 6. Re1 d6 7. a4 h6 8. a5 a6 9. c3 Nh7 10. Nbd2 Ng5 11. h3 Be6 12. Qb3 $11 Qd7 13. d4 Bxc4 14. Qxc4 Bf6 15. b4 exd4 16. cxd4 Rfe8 17. Bb2 Nxf3+ 18. Nxf3 Rxe4 19. Rxe4 d5 20. Qb3 dxe4 21. Ne5 Bxe5 22. dxe5 Rd8 23. Qg3 Qd3 24. Qg4 Qc2 25. Ba3 Nxe5 26. Qg3 f6 27. Rc1 Rd1+ 28. Rxd1 Qxd1+ 29. Kh2 Qd3 0-1

[Event "WYCC 2018 O14"]
[Site "Halkidiki"]
[Date "2018.10.20"]
[Round "1"]
[White "Tsarsitalidis, Konstantinos"]
[Black "Ozenir, Ekin Baris"]
[Result "0-1"]
[ECO "B00"]
[WhiteElo "1864"]
[BlackElo "2293"]
[Annotator "NA"]
[PlyCount "108"]
[EventDate "2018.10.20"]
[EventType "swiss"]
[EventCountry "GRE"]
[SourceTitle "playchess.com"]
[Source "ChessBase"]
[SourceQuality "1"]
[TimeControl "40/5400+30:1800+30"]

1. e4 Nc6 2. d4 d5 3. Nc3 dxe4 4. d5 Ne5 5. Qd4 Ng6 6. Qxe4 a6 {[%emt 0:02:12] B00: Queen's Fianchetto Defence, Nimzowitsch Defence} (6... Nf6 7. Qa4+ c6 8. dxc6 bxc6 9. g3 Bd7 10. Bg2 Nd5 11. Nxd5 cxd5 12. Qd4 e6 13. Nf3 Rc8 14. O-O Bb5 {0-1 (39) Bezgodov,A (2497)-Egorov,E (2361) Pavlodar 2016}) 7. Nf3 Nf6 8. Qd3 Bg4 $146 ({Predecessor:} 8... e5 9. dxe6 Bxe6 10. Qxd8+ Rxd8 11. Bd3 Nd5 12. Nxd5 {½-½ (12) Pattard,T-Schuetz,T (2295) Ludweiler 1994}) 9. h3 Bxf3 10. Qxf3 Qd6 11. Qf5 (11. Be3 $14) 11... Rd8 12. Be3 Nxd5 13. Nxd5 Qxd5 14. Qxd5 Rxd5 15. Bc4 Rd8 16. Ke2 e6 17. Rad1 Bd6 18. Bd3 Ne7 19. Be4 b6 20. c4 O-O 21. f4 f5 22. Bf3 $17 Ng6 23. g3 e5 24. Bd5+ Kh8 25. Kf3 e4+ 26. Ke2 Bc5 27. Bxc5 bxc5 28. Be6 Rd4 29. Rxd4 cxd4 30. Rd1 c5 31. a3 h5 32. h4 a5 33. Rb1 Ne7 34. b4 Rb8 35. b5 Rb6 36. Bd7 Kg8 37. Kd2 Kf7 38. Re1 g6 39. Kc2 a4 40. Kd2 Ng8 41. Bc6 Nf6 42. Rb1 Ke6 43. Re1 Kd6 44. Kc2 Kc7 45. Kd2 Rb8 46. Rd1 Rd8 47. Kc2 Ng4 48. Kd2 Kb6 49. Rf1 Nh2 50. Rd1 Nf3+ 51. Kc2 d3+ 52. Kc3 Rd4 53. Be8 e3 54. Rxd3 e2 {[%emt 0:00:09] Kxd4} 0-1

[Event "WYCC 2018 O14"]
[Site "Halkidiki"]
[Date "2018.10.20"]
[Round "1"]
[White "Gomez Barrera, Gonzalo Andres"]
[Black "Gines Esteo, Pedro Antonio"]
[Result "0-1"]
[ECO "B12"]
[WhiteElo "1843"]
[BlackElo "2288"]
[Annotator "NA"]
[PlyCount "52"]
[EventDate "2018.10.20"]
[EventType "swiss"]
[EventCountry "GRE"]
[SourceTitle "playchess.com"]
[Source "ChessBase"]
[SourceQuality "1"]
[TimeControl "40/5400+30:1800+30"]

1. e4 c6 2. d4 d5 3. e5 Bf5 4. h4 h5 5. Bd3 Bxd3 6. Qxd3 e6 7. Bg5 {[%emt 0:00:37] B12: Caro-Kann: Advance Variation} Be7 8. Nf3 Nh6 9. Bxh6 (9. Nc3 Nd7 10. Ne2 c5 11. Nf4 cxd4 12. Nxh5 Qa5+ 13. Bd2 Qb6 14. Nxg7+ Kf8 {0-1 (41) Saric,I (2664)-Le,Q (2737) chess.com INT 2018}) 9... Rxh6 10. Nbd2 c5 11. dxc5 Na6 12. b4 $146 ({Predecessor:} 12. Nb3 Rc8 13. O-O-O Nxc5 14. Nxc5 Rxc5 {½-½ (24) Perez Candelario,M (2576)-Peralta,F (2565) La Roda 2017}) 12... Nxb4 13. Qb5+ Nc6 14. Qxb7 Qc8 15. Qxc8+ Rxc8 16. c4 Nb4 17. O-O Bxc5 18. cxd5 exd5 19. Nb3 Bb6 20. Nbd4 Rg6 21. a3 $17 Nd3 22. Rad1 Rc3 23. Kh1 Rg4 24. Nb5 Rb3 25. Nd6+ Kf8 26. Rd2 Nf4 0-1

[Event "WYCC 2018 O14"]
[Site "Halkidiki"]
[Date "2018.10.20"]
[Round "1"]
[White "Gonzalez Cobos, Arnau"]
[Black "Subelj, Jan"]
[Result "0-1"]
[ECO "C44"]
[WhiteElo "1841"]
[BlackElo "2281"]
[Annotator "NA"]
[PlyCount "46"]
[EventDate "2018.10.20"]
[EventType "swiss"]
[EventCountry "GRE"]
[SourceTitle "playchess.com"]
[Source "ChessBase"]
[SourceQuality "1"]
[TimeControl "40/5400+30:1800+30"]

1. e4 e5 2. Nf3 Nc6 3. c3 Nf6 4. d4 exd4 5. e5 Nd5 6. cxd4 Bb4+ 7. Bd2 Bxd2+ 8. Qxd2 O-O 9. Be2 d6 10. exd6 Qxd6 11. Nc3 Nf4 12. O-O Bg4 13. Rad1 Rfe8 14. Rfe1 Bxf3 15. Bxf3 Nxd4 16. Ne4 Nxf3+ 17. gxf3 Rxe4 18. Qxd6 Rxe1+ 19. Rxe1 cxd6 20. Re4 Ne6 21. f4 g6 22. Rc4 d5 23. Rb4 b6 0-1

[Event "WYCC 2018 O14"]
[Site "Halkidiki"]
[Date "2018.10.20"]
[Round "1"]
[White "Manucharyan, Gagik"]
[Black "Gombocz, Ferenc Jr."]
[Result "1-0"]
[ECO "D15"]
[WhiteElo "1827"]
[BlackElo "2271"]
[Annotator "NA"]
[PlyCount "103"]
[EventDate "2018.10.20"]
[EventType "swiss"]
[EventCountry "GRE"]
[SourceTitle "playchess.com"]
[Source "ChessBase"]
[SourceQuality "1"]
[TimeControl "40/5400+30:1800+30"]

1. d4 {[%emt 0:00:00] Schulz,André} d5 2. c4 c6 3. Nc3 Nf6 4. Nf3 a6 5. e3 Bf5 6. Bd3 {[%emt 0:00:32] D15: Slav Defence: 4 Nc3 a6 and gambit lines after 4 Nc3 dxc4} Bg6 7. Bxg6 hxg6 8. Qd3 e6 9. O-O Bb4 10. Bd2 O-O 11. Rfd1 $146 ({Predecessor:} 11. Nxd5 $5 cxd5 (11... Nxd5 12. cxd5 Bxd2 13. dxe6 Ba5 14. exf7+ Rxf7 {1-0 (57) Lysyj,I (2671)-Inarkiev,E (2660) Poikovsky 2015 CBM 169 [Schulz,André]}) 12. Bxb4 $16) 11... Ba5 12. a3 Bxc3 13. Bxc3 dxc4 14. Qxc4 Qd5 15. Qd3 Nbd7 16. Ne5 Rfd8 17. Nxd7 Rxd7 18. f3 e5 19. e4 Qb3 20. Qe3 $11 Rad8 21. Rd2 Ne8 22. Re1 f6 23. dxe5 Rxd2 24. Bxd2 Qxb2 25. Ba5 Rd7 26. exf6 gxf6 27. Bb4 Qd4 28. Qxd4 Rxd4 29. e5 f5 30. e6 b6 31. Be7 Rd5 32. Rb1 Rb5 33. Rc1 c5 34. a4 Rb2 35. a5 Nc7 36. Re1 Rb5 37. Bd8 Nxe6 38. Rxe6 Rxa5 39. Rxb6 Ra1+ 40. Kf2 Kh7 41. Bf6 Ra2+ 42. Rb2 Ra4 43. h4 Kg8 44. Rb7 c4 45. Ke3 c3 46. Rc7 f4+ 47. Kd3 Ra2 48. Bxc3 Rxg2 49. Ke4 a5 50. Kxf4 a4 51. Ra7 Rh2 52. Kg5 1-0

[Event "WYCC 2018 O14"]
[Site "Halkidiki"]
[Date "2018.10.20"]
[Round "1"]
[White "Beukema, Constantijn"]
[Black "Boyer, Mahel"]
[Result "0-1"]
[ECO "C09"]
[WhiteElo "1820"]
[BlackElo "2227"]
[Annotator "NA"]
[PlyCount "106"]
[EventDate "2018.10.20"]
[EventType "swiss"]
[EventCountry "GRE"]
[SourceTitle "playchess.com"]
[Source "ChessBase"]
[SourceQuality "1"]
[TimeControl "40/5400+30:1800+30"]

1. e4 e6 2. d4 d5 3. Nd2 c5 4. exd5 exd5 5. Ngf3 Nc6 6. Bb5 Qe7+ 7. Be2 Qc7 {[%emt 0:00:00] C09: French Tarrasch: 3...c5 4 exd5 exd5 5 Ngf3 Nc6} 8. O-O Nf6 9. Re1 Be6 10. dxc5 Bxc5 11. Nb3 Bb6 12. c4 dxc4 13. Bxc4 O-O 14. Bxe6 fxe6 {[%emt 0:02:36] [#]} 15. Be3 $146 e5 16. Qe2 Rae8 17. Rad1 Bxe3 18. Qxe3 e4 19. Nfd4 Ne5 20. Rc1 Qb8 21. h3 Nd3 22. Nc5 Nxe1 23. Rxe1 Qe5 24. Qb3+ Qd5 25. Qxd5+ Nxd5 26. Nce6 Rf6 27. Rxe4 Nc7 28. Nc5 Rxe4 29. Nxe4 Rb6 30. Nb3 Nd5 31. f3 Nb4 32. Nc1 Rc6 33. Nc3 Nd5 34. N1e2 Nxc3 35. Nxc3 Rb6 36. b3 Rc6 37. Nb5 Rc2 $19 38. a4 Rb2 39. Nd4 Rd2 40. Ne6 b6 41. Nc7 Rd3 42. b4 Ra3 43. Kf2 Rxa4 44. b5 Rc4 45. Na6 Rc2+ 46. Kg3 Rd2 47. Nb8 Rb2 48. Nc6 Rxb5 49. Nxa7 Rc5 50. Kf4 Kf7 51. Ke4 Ke6 52. f4 Kd7 53. g4 Ra5 0-1

[Event "WYCC 2018 O14"]
[Site "Halkidiki"]
[Date "2018.10.20"]
[Round "1"]
[White "Radojicic, Aleksandar M"]
[Black "Turcan, Richard"]
[Result "1/2-1/2"]
[ECO "A49"]
[WhiteElo "1814"]
[BlackElo "2218"]
[Annotator "NA"]
[PlyCount "73"]
[EventDate "2018.10.20"]
[EventType "swiss"]
[EventCountry "GRE"]
[SourceTitle "playchess.com"]
[Source "ChessBase"]
[SourceQuality "1"]
[TimeControl "40/5400+30:1800+30"]

1. d4 Nf6 2. Nf3 g6 3. g3 Bg7 4. Bg2 O-O 5. O-O d5 6. c3 b6 7. Bf4 Bb7 8. Qc1 Nbd7 9. Bh6 c5 10. Bxg7 Kxg7 11. Qf4 $11 Rc8 12. Nbd2 Qc7 13. Qxc7 Rxc7 14. e3 e6 15. Rfe1 Rfc8 16. Bf1 Kf8 17. Bd3 Nb8 18. Ne5 Ba6 19. Bxa6 Nxa6 20. a4 Nd7 21. Nxd7+ Rxd7 22. f4 Nb8 23. Kf2 Nc6 24. g4 Rb7 25. Rec1 c4 26. Ra2 Rcb8 27. Rc2 b5 28. axb5 Rxb5 29. Nf3 Ke7 30. Ne5 Nxe5 31. fxe5 R8b7 32. g5 Kd7 33. Kf3 Kc6 34. Ra6+ Kc7 35. Ra2 Kb6 36. Rc1 Kc7 37. Rc2 1/2-1/2

[Event "WYCC 2018 O14"]
[Site "Halkidiki"]
[Date "2018.10.20"]
[Round "1"]
[White "Vujovic, Savo"]
[Black "Van Dael, Siem"]
[Result "0-1"]
[ECO "B53"]
[WhiteElo "1781"]
[BlackElo "2202"]
[Annotator "NA"]
[PlyCount "104"]
[EventDate "2018.10.20"]
[EventType "swiss"]
[EventCountry "GRE"]
[SourceTitle "playchess.com"]
[Source "ChessBase"]
[SourceQuality "1"]
[TimeControl "40/5400+30:1800+30"]

1. e4 c5 2. Nf3 d6 3. d4 cxd4 4. Qxd4 Nc6 5. Bb5 Bd7 6. Bxc6 Bxc6 7. Nc3 Nf6 8. Bg5 e6 9. O-O-O Be7 10. Kb1 O-O 11. Rhe1 Qa5 12. Qd2 Qb6 13. Nd4 {[%emt 0:00:27] B53: Sicilian: 2...d6: Lines with Qxd4} Rac8 14. f3 Bd7 15. Nb3 Bc6 16. Nd4 Rfd8 17. g4 Be8 18. Nd5 {[%emt 0:01:39] [#]} exd5 $146 ({Predecessor:} 18... Nxd5 19. exd5 Bxg5 20. Qxg5 Qc5 21. Qc1 e5 22. Nf5 Rd7 {½-½ (31) Cao,S (2548)-Acs,P (2522) Hungary 2007}) 19. Nf5 Qc7 20. Bh6 Bf8 21. Bxg7 Bxg7 22. Qg5 Nh5 23. c3 f6 24. Qd2 Bg6 25. Qxd5+ $19 (25. gxh5 {might work better.} Bxh5 26. Rg1) 25... Bf7 26. Qd2 d5 27. gxh5 dxe4 28. Qg2 Bxa2+ 29. Kxa2 Qa5+ 30. Kb3 Qb5+ 31. Ka3 Qa5+ 32. Kb3 Qb5+ 33. Ka3 Qc5+ 34. Kb3 Qc4+ 35. Ka3 Qa6+ 36. Kb3 Qc4+ 37. Ka3 Qa6+ 38. Kb3 Qe6+ 39. Ka3 Qxf5 40. h6 Qa5+ 41. Kb3 Qb5+ 42. Ka3 Qg5 43. Qxg5 fxg5 44. hxg7 exf3 45. Ra1 Rc7 46. Rf1 Rf7 47. Kb3 b6 48. Ra4 Kxg7 49. Rg4 Kg6 50. h4 h6 51. hxg5 hxg5 52. Rg3 Rdf8 0-1